 Dungeon Crawl Stone Soup version 0.27-a0-1177-g245c70e1c0 (webtiles) character file.

Game seed: 10825330586017278494

141 mandarbmax the Magician (level 5, -1/35 HPs)
             Began as a Djinni Ice Elementalist on May 16, 2021.
             Slain by Grinder (3 damage)
             ... on level 3 of the Dungeon.
             The game lasted 00:06:54 (3329 turns).

mandarbmax the Magician (Djinni Ice Elementalist)   Turns: 3329, Time: 00:06:56

Health: -1/35      AC:  8    Str:  7    XL:     5   Next: 48%
Gold:   66         EV: 10    Int: 17    God:
                   SH:  0    Dex: 14

rFire    + + .     SeeInvis .   n - +0 quarterstaff
rCold    x . .     Faith    .   (shield currently unavailable)
rNeg     . . .     Spirit   .   b - +0 ring mail
rPois    ∞         Reflect  .   r - +0 helmet
rElec    .         Harm     .   (no cloak)
rCorr    .         Rampage  .   (no gloves)
Will     .....                  (boots unavailable)
Stlth    +.........             (no amulet)
HPRegen  0.11/turn              (no ring)
MPRegen  0.00/turn              (no ring)

@: freezing walls, flying, very slightly contaminated, hasted, very quick
A: sickness immunity, fire resistance 2, cold vulnerability 1, float, innate
caster, hp casting, extra vitality 1, iridescent scales 1, deterioration 1,
sense surroundings 1, subdued magic 1
a: no special abilities


You were on level 3 of the Dungeon.
You visited 1 branch of the dungeon, and saw 3 of its levels.

You collected 66 gold pieces.

Inventory:

Hand Weapons
 n - a +0 quarterstaff (weapon)
Missiles
 m - 6 atropa-tipped darts
Armour
 a - a +0 robe
 b - a +0 ring mail (worn)
 r - a +0 helmet (worn)
Wands
 p - a wand of charming (6)
Scrolls
 e - a scroll of identify
 h - 2 scrolls of amnesia {unknown}
 j - 2 scrolls of teleportation {unknown}
 l - a scroll of magic mapping {unknown}
 q - a scroll of immolation {unknown}
Potions
 c - a potion of mutation
 d - 2 potions of haste
 f - a potion of degeneration
 g - a potion of might {unknown}
 i - a potion of magic
 k - a potion of lignification {unknown}
 o - a potion of brilliance {unknown}


   Skills:
 - Level 2.1 Dodging
 - Level 1.5 Stealth
 + Level 5.0 Spellcasting


You couldn't memorise any spells.
You knew the following spells:

 Your Spells              Type           Power      Damage    Failure   Level
a - Freeze                Ice            64%        1d8       4%          1
b - Frozen Ramparts       Ice            32%        1d5       16%         3
c - Ozocubu's Armour      Ice            16%        N/A       16%         3
d - Hailstorm             Conj/Ice       16%        3d6       50%         4
e - Metabolic Englaciati  Hex/Ice        8%         N/A       85%         5
f - Sandblast             Erth           32%        2d9       4%          1
g - Ensorcelled Hibernat  Hex/Ice        32%        N/A       8%          2
Your spell library was empty.

Dungeon Overview and Level Annotations

Branches:
Dungeon (3/15)

Altars:
Ru
Zin

Annotations:
D:3 Grinder


Innate Abilities, Weirdness & Mutations

You are immune to sickness and miasma.
You are immune to poison.
Your flesh is very heat resistant. (rF++)
You are vulnerable to cold. (rC-)
You float through the air rather than walking.
You learn spells naturally, not from books.
Your magical power is your life essence.
You have superior vitality. (+4 HP)
You are partially covered in iridescent scales. (AC +2)
Your body sometimes deteriorates upon taking damage.
You passively map a small area around you.
Your spells are a little easier to cast, but a little less powerful.


Message History

Press: ? - help, Dir - look around, f - activate The walls around you are covered in ice.
Grinder resists.
The wall freezes Grinder.
Grinder blinks!
Unknown command.
Okay, then.
Okay, then.
As you read the scroll labelled ZACHIO CIKKIZ, it crumbles to dust.
It is a scroll of identify.
f - a potion of degeneration Grinder completely resists.
The wall freezes Grinder but does no damage.
As you read the scroll of identify, it crumbles to dust.
d - 3 potions of haste Grinder completely resists.
The wall freezes Grinder but does no damage.
Grinder gestures at you. Pain shoots through your body!
* * * LOW HITPOINT WARNING * * *
Okay, then.
You feel yourself speed up.
Grinder completely resists.
The wall freezes Grinder but does no damage.
It was a potion of mutation.
You feel extremely strange.
Iridescent scales grow over part of your body.
You feel yourself wasting away.
Your connection to magic feels subdued.
You feel a strange attunement to the structure of the dungeons.
Grinder completely resists.
The wall freezes Grinder but does no damage.
Grinder hits you but does no damage.
Casting: Frozen Ramparts (quite dangerous; 16% risk of failure)
Confirm with . or Enter, or press ? or * to list all spells.
Okay, then.
Okay, then.
As you read the scroll of identify, it crumbles to dust.
i - a potion of magic Grinder completely resists.
The wall freezes Grinder but does no damage.
Grinder hits you!
* * * LOW HITPOINT WARNING * * *
You writhe in agony.
You die...

#...... #..#### #..#...
#..#... #..#... #..^.^.
### * #..#...
.....#############..#...
, #..5@............#...
*#########.######.#### *
...# #..... , ≈ ,###.#
##.#.. , #.# #####.#.# *
#+# #.....#.# * ≈ , ,
,*#.#####.# * ≈ #†# #..
≈ #.#######


You could see Grinder.

Vanquished Creatures
  2 orc priests (D:3)
  A hound skeleton (D:3)
  2 adders (D:2)
  2 dart slugs (D:1)
  3 orcs (D:3)
  7 bats
  3 endoplasms (D:1)
  4 giant cockroaches
  A goblin (D:2)
  4 hobgoblins
  3 kobolds (D:1)
  3 quokkas
  4 ball pythons
  2 frilled lizards (D:1)
  6 rats
47 creatures vanquished.

Notes
Turn   | Place    | Note
-------+----------+-------------------------------------------
     0 | D:1      | mandarbmax the Djinni Ice Elementalist began the quest for
                  | the Orb.
     0 | D:1      | Reached XP level 1. HP: 15/15 MP: 0/0
   323 | D:1      | Reached XP level 2. HP: 18/21 MP: 0/0
  1147 | D:1      | Reached XP level 3. HP: 22/25 MP: 0/0
  1147 | D:1      | Learned a level 1 spell: Sandblast
  1441 | D:1      | Reached skill level 4 in Spellcasting
  1704 | D:2      | Found a faded altar of an unknown god.
  1742 | D:2      | Reached XP level 4. HP: 21/31 MP: 0/0
  2794 | D:3      | Found a glowing silver altar of Zin.
  2815 | D:3      | Reached XP level 5. HP: 15/35 MP: 0/0
  2815 | D:3      | Learned a level 2 spell: Ensorcelled Hibernation
  3096 | D:3      | Found a sacrificial altar of Ru.
  3105 | D:3      | Reached skill level 5 in Spellcasting
  3310 | D:3      | Noticed Grinder
  3313 | D:3      | Paralysed by Grinder for 7 turns
  3328 | D:3      | Gained mutation: You are partially covered in iridescent
                  | scales. (AC +2) [potion of mutation]
  3328 | D:3      | Gained mutation: Your body sometimes deteriorates upon
                  | taking damage. [potion of mutation]
  3328 | D:3      | Gained mutation: Your spells are a little easier to cast,
                  | but a little less powerful. [potion of mutation]
  3328 | D:3      | Gained mutation: You passively map a small area around you.
                  | [potion of mutation]
  3329 | D:3      | Slain by Grinder

Illustrated notes

Levels and vault maps discovered:
D:1:      wheals_arrival_shading, layout_loops_corners
D:2:      layout_basic, serial_forest, infiniplex_forest_zigzag_2,
          infiniplex_forest_corner_2, infiniplex_forest_lined_3,
          infiniplex_forest_clump_long, infiniplex_forest_3_way,
          infiniplex_forest_split, basic_ecumenical_altar
D:3:      layout_basic, overflow_temple_1_default, lemuel_tele_altar,
          led_sif_pool, uniq_purgy, uniq_grinder

Skill      XL: |  1  2  3  4  5 |
---------------+----------------+-----
Spellcasting   | 4 5 |  5.0
Dodging        | |  2.1
Stealth        | |  1.5

Action                   |  1- 3 |  4- 6 || total
-------------------------+-------+-------++-------
Melee: Unarmed           |    34 |       ||    34
       Quarterstaff      |       |    14 ||    14
Throw: Dart              |       |     4 ||     4
 Cast: Freeze            |    41 |    22 ||    63
       Frozen Ramparts   |       |     3 ||     3
       Ozocubu's Armour  |       |     1 ||     1
  Use: Scroll            |       |     3 ||     3
       Potion            |       |     2 ||     2
 Stab: Sleeping          |     1 |       ||     1
Armor: Robe              |     2 |       ||     2
       Ring mail         |    15 |    17 ||    32
Dodge: Dodged            |    33 |    21 ||    54

Table legend: (Time is in decaauts)
 A = Elapsed time spent in this place.
 B = Non-inter-level travel time spent in this place.
 C = Inter-level travel time spent in this place.
 D = Time resting spent in this place.
 E = Time spent auto-exploring this place.
 F = Levels seen in this place.
 G = Mean time per level.
                   A        B        C        D        E       F      G
               +--------+--------+--------+--------+--------+-----+--------+
         Total |   3331 |   3304 |     27 |    898 |   2096 |   3 | 1110.3 |
       Dungeon |   3331 |   3304 |     27 |    898 |   2096 |   3 | 1110.3 |
               +--------+--------+--------+--------+--------+-----+--------+

Top non-repeatable levels by time:
     D:1: 1675 daAuts
     D:2: 1008 daAuts
     D:3: 648 daAuts
